 Dungeon Crawl Stone Soup version 0.21.0-3-g78d12a8 (webtiles) character file.

536 Gigax the Insei (level 7, -3/69 HPs)
             Began as an Octopode Monk on Jan 14, 2018.
             Slain by a centaur (7 damage)
             ... on level 5 of the Dungeon.
             The game lasted 00:06:56 (3887 turns).

Gigax the Insei (Octopode Monk)                     Turns: 3887, Time: 00:06:57

Health: -3/69      AC:  1    Str: 17    XL:     7   Next: 25%
Magic:  7/7        EV: 16    Int: 14    God:
Gold:   154        SH:  0    Dex: 15    Spells: 6/6 levels left

rFire    . . .     SeeInvis .     - Unarmed
rCold    . . .     Gourm    .   (no shield)
rNeg     . . .     Faith    .   (helmet restricted)
rPois    .         Spirit   .   (no amulet)
rElec    .         Reflect  .   (no ring)
rCorr    .         Harm     .   (no ring)
MR       .....                  (no ring)
Stlth    ..........             (no ring)
HPRegen  0.21/turn              (no ring)
MPRegen  0.10/turn              (no ring)
                                (no ring)
                                (no ring)

@: berserking, very quick
A: almost no armour, stealthy swim, amphibious, 8 rings, constrict 8, camouflage
1, clever 1, gelatinous body 1, evolution 1
a: no special abilities


You were on level 5 of the Dungeon.
You were not hungry.

You visited 1 branch of the dungeon, and saw 5 of its levels.

You collected 154 gold pieces.

Inventory:

Scrolls
 d - a scroll of enchant armour
 e - 2 scrolls of blinking
 f - a scroll of remove curse
 l - a scroll of amnesia
Potions
 b - 2 potions of curing
 h - a potion of agility
 i - 2 potions of might
 j - a potion of invisibility
 n - a potion of brilliance {unknown}
 o - a potion of lignification
Comestibles
 a - 9 rations


   Skills:
 - Level 3.0 Fighting
 + Level 5.2 Dodging
 - Level 2.6 Stealth
 * Level 6.8 Unarmed Combat


You had 6 spell levels left.
You didn't know any spells.

Dungeon Overview and Level Annotations

Branches:
Dungeon (5/15)
 Temple: D:4-7

Altars:
Qazlal
Sif Muna
Xom

Shops:
D:4 [


Innate Abilities, Weirdness & Mutations

You cannot wear most types of armour.
You are very stealthy in the water. (Stealth+)
You are amphibious.
You can wear up to eight rings at the same time.
You can use your tentacles to constrict eight enemies at once.
Your skin changes colour to match your surroundings (Stealth+).
Your rubbery body absorbs attacks. (AC +1, EV +1)
Your mind is acute. (Int +2)
You evolve.


Message History

The centaur hits you! The centaur hits you.
Huge Dmg: -30%(-14hp) hp: 40%(18hp)
You barely miss the centaur.
The centaur is moderately wounded.
The centaur hits you.
Dmg: -7%(-3hp) hp: 33%(15hp)
You barely miss the centaur. You squeeze the centaur.
The centaur is moderately wounded.
The centaur barely misses you.
You tentacle-slap the centaur but do no damage.
You squeeze the centaur!
The centaur is severely wounded.
The centaur hits you!
* * * LOW HITPOINT WARNING * * *
The centaur hits you.
* * * LOW HITPOINT WARNING * * *
Huge Dmg: -26%(-12hp) hp: 7%(3hp)
A red film seems to cover your vision as you go berserk!
You feel yourself moving faster!
You feel mighty! The centaur hits you!
You die...

###...##### #.
#.#####..# .. #........#
####.## #######.##
#.....# ##'## #......
##...## .....# ##.....##
# #c%## ##.......###
##$#.@.####.........##
..........(.'.........+.
####.#...####.........##
# ##.## ##.......###
.... ##.....## # ####.
##...## # . ##+## # .#
#.# #.#


You could see a centaur.

Vanquished Creatures
  A bullfrog (D:5)
  2 howler monkeys
  2 orc priests
  Terence (D:3)
  3 worker ants
  Natasha (D:3)
  2 iguanas (D:4)
  4 adders
  An ooze (D:3)
  6 worms
  A dart slug (D:1)
  2 leopard geckos
  10 orcs
  2 giant cockroaches (D:1)
  9 goblins
  5 hobgoblins
  10 jackals
  2 quokkas
  13 bats
  8 frilled lizards
  A jackal zombie (D:5)
  10 kobolds
  8 rats
104 creatures vanquished.

Notes
Turn   | Place    | Note
-------+----------+-------------------------------------------
     0 | D:1      | Gigax the Octopode Monk began the quest for the Orb.
     0 | D:1      | Reached XP level 1. HP: 16/16 MP: 1/1
   418 | D:1      | Reached XP level 2. HP: 19/21 MP: 2/2
   927 | D:1      | Reached XP level 3. HP: 21/26 MP: 3/3
  1299 | D:2      | Reached skill level 4 in Unarmed Combat
  1312 | D:2      | Reached XP level 4. HP: 29/31 MP: 4/4
  1989 | D:3      | Reached XP level 5. HP: 32/36 MP: 5/5
  2140 | D:3      | Reached skill level 5 in Unarmed Combat
  2260 | D:3      | Noticed Terence
  2271 | D:3      | Killed Terence
  2810 | D:3      | Noticed Natasha
  2815 | D:3      | Killed Natasha
  2815 | D:3      | Reached XP level 6. HP: 33/42 MP: 6/6
  2976 | D:4      | Found a stormy altar of Qazlal.
  3028 | D:4      | Found Usoixaul's Armour Shop.
  3070 | D:4      | Reached skill level 6 in Unarmed Combat
  3156 | D:4      | Found a deep blue altar of Sif Muna.
  3158 | D:4      | Found a shimmering altar of Xom.
  3292 | D:4      | Gained mutation: You evolve. [potion of mutation]
  3292 | D:4      | Gained mutation: Your mind is acute. (Int +2) [potion of mutation]
  3464 | D:5      | Entered Level 5 of the Dungeon
  3498 | D:5      | Reached skill level 5 in Dodging
  3498 | D:5      | Reached XP level 7. HP: 39/46 MP: 7/7
  3887 | D:5      | Slain by a centaur

Skill      XL: |  1  2  3  4  5  6 |
---------------+-------------------+-----
Unarmed Combat | 4 5 6 |  6.8
Dodging        | 4 5 |  5.2
Fighting       | |  3.0
Stealth        | |  2.6

Action                   |  1- 3 |  4- 6 |  7- 9 || total
-------------------------+-------+-------+-------++-------
Melee: Unarmed           |    70 |   156 |    22 ||   248
       Constrict         |    20 |    42 |     4 ||    66
       Tentacles         |    12 |    26 |     4 ||    42
       Punch             |     2 |    12 |       ||    14
  Use: Scroll            |       |    17 |       ||    17
       Potion            |       |     1 |     1 ||     2
 Stab: Sleeping          |     9 |    18 |     1 ||    28
       Distracted        |       |     1 |       ||     1
  Eat: Chunk             |     1 |     7 |     1 ||     9
Armor: Skin              |    12 |     8 |     2 ||    22
Dodge: Dodged            |    54 |    97 |    12 ||   163
